AoeStats
← joelreflects

Hideout

507802105Analyzed
1v1 RM · 12d ago on Sep 19, 2026· 44m 36s· 2 players
Game mode
Random Map
Map size
Tiny (2 player)
Population
200
Speed
Normal
Resources
Standard
Victory
Conquest
Starting age
Dark Age
Ending age
Imperial Age
RankedLock teamsTeams togetherTeam positionsShared explorationLock speedFull tech treeHidden civsTurbo modeCheats
Victory
Defeat
🇦🇷 Vietnamese · Argentina
900
+16
🇺🇸 Turks · United States
899
-16
joelreflects
10:26 Feudal Age
8:50 Loom
11:04 Feudal Age
12:35 Double-Bit Axe
19:00 Castle Age
17:14 Horse Collar
19:10 Bloodlines
19:15 Scale Barding Armor
19:21 Padded Archer Armor
21:05 Bow Saw
22:57 Fletching
24:33 Heavy Plow
28:31 Wheelbarrow
33:05 Chain Barding Armor
32:56 Forging
33:03 Leather Archer Armor
33:40 Bodkin Arrow
33:54 Bodkin Arrow
34:31 Hand Cart
34:01 Town Watch
37:16 Imperial Age
35:34 Gold Mining
39:29 Conscription
38:49 Heavy Camel Rider
39:50 Husbandry
40:30 Artillery
43:57 Parthian Tactics
cint
9:07 Loom
11:11 Feudal Age
15:59 Castle Age
14:31 Double-Bit Axe
15:08 Horse Collar
16:51 Bow Saw
17:22 Gold Mining
20:04 Stone Mining
23:46 Wheelbarrow
23:49 Fletching
25:27 Elite Skirmisher
25:30 Crossbowman
26:13 Padded Archer Armor
27:20 Bodkin Arrow
29:37 Forging
31:03 Leather Archer Armor
32:33 Hand Cart
37:16 Imperial Age
35:06 Heavy Plow
37:28 Imperial Skirmisher
38:13 Bracer
39:19 Ring Archer Armor
41:13 Iron Casting
40:39 Scale Mail Armor
40:23 Elite Fire Lancer
44:27 Chain Mail Armor
Connection lost

Rejoining the realm…

Still unreachable

The connection could not be restored.

Session expired

The server has moved on; the page needs a fresh start.